 Dungeon Crawl Stone Soup version 0.32-a0-17-gb74e046682 (webtiles) character file.

Game seed: 16076227128619425516

52731 Xavori the Nimble (level 15, 5/175 HPs)
             Began as a Djinni Chaos Knight on Jan 16, 2024.
             Was a Plaything of Xom.
             Quit the game on level 1 of the Abyss.
             The game lasted 00:26:54 (17615 turns).

Xavori the Nimble (Djinni Chaos Knight)            Turns: 17615, Time: 00:26:55

Health: 5/175      AC: 12    Str: 13    XL:     15   Next: 7%
Gold:   1853       EV: 19    Int: 19    God:    Xom [......] SH: 12 Dex: 19

rFire   + + .        D - +5 long sword
rCold   . . .        M - +2 buckler
rNeg    . . .        b - +3 leather armour
rPois   ∞            i - +2 hat
rElec   .            (no cloak)
rCorr   .            F - +2 pair of gloves {infuse}
SInv    .            (boots unavailable)
Will    +....        N - amulet of regeneration Stlth
                     q - ring of protection from cold
HPRegen 2.09/turn    w - +4 ring of slaying
MPRegen 0.00/turn

%: infuse magic (1 HP)
@: berserking (expiring), weak-willed, flying, studying Dodging, very quick
A: sickness immunity, fire resistance 2, cold vulnerability 1, float, innate
caster, HP casting, extra vitality 1, large bone plates 1, agile 1, clever 1,
strong-willed 2, regeneration 1, robust 1, screaming 1, strong 1, inability to
drink after injury 1
a: Renounce Religion


You were on level 1 of the Abyss.
You worshipped Xom.
You were a very special plaything of Xom.
You visited 2 branches of the dungeon, and saw 16 of its levels.
You visited the Abyss 1 time.
You also visited: Ice Cave.

You collected 1853 gold pieces.

Inventory:

Hand Weapons
 a - a +1 falchion of protection
 D - a +5 long sword (weapon)
Armour
 b - a +3 leather armour (worn)
 i - a +2 hat (worn)
 p - a +3 scale mail of cold resistance
 t - the +0 helmet of the Pear {rF+}
   (You took it off Robin on level 3 of the Dungeon)

   rF+:       It protects you from fire.
 F - a +2 pair of gloves of infusion (worn)
 M - a +2 buckler (worn)
 Q - a +2 crystal plate armour of cold resistance
Jewellery
 n - an amulet of faith
 q - a ring of protection from cold (left hand)
 w - a +4 ring of slaying (right hand)
 N - an amulet of regeneration (around neck)
 P - an amulet of reflection
 V - a ring of ice
 W - the ring "Magut" {Fly rPois rCorr Int+6}
   (You found it in an ice cave)

   [ring of intelligence]

   Int+6:     It affects your intelligence (+6).
   rPois:     It protects you from poison Fly: It grants you flight.
   rCorr:     It protects you from acid and corrosion.
Wands
 r - a wand of paralysis (4)
 y - a wand of flame (22)
 G - a wand of mindburst (21)
 I - a wand of polymorph (16)
 Y - a wand of roots (5)
Scrolls
 c - a scroll of butterflies
 d - 3 scrolls of immolation
 g - a scroll of noise
 o - 4 scrolls of revelation
 s - 7 scrolls of teleportation
 A - 2 scrolls of enchant weapon
 B - 3 scrolls of enchant armour
 E - a scroll of blinking {unknown}
 H - a scroll of poison
 J - a scroll of vulnerability
 R - 2 scrolls of fog
 X - 2 scrolls of fear {unknown}
Potions
 e - 3 potions of mutation
 f - a potion of invisibility {unknown}
 h - 5 potions of degeneration {unknown}
 j - 6 potions of curing
 k - 3 potions of might {unknown}
 l - 3 potions of berserk rage
 m - 2 potions of cancellation {unknown}
 u - a potion of attraction {unknown}
 v - 2 potions of heal wounds {unknown}
 x - 3 potions of resistance
 z - 2 potions of enlightenment {unknown}
 K - a potion of lignification {unknown}
 S - a potion of brilliance
 U - a potion of haste {unknown}
 Z - a potion of ambrosia {unknown}
Miscellaneous
 L - a tin of tremorstones (2/2)
 O - a phial of floods


   Skills:
 + Level 10.2 Fighting
 + Level 9.3 Long Blades
 + Level 9.8 Armour
 + Level 11.8 Dodging
 + Level 6.1 Shields
 * Level 9.9 Spellcasting
 * Level 9.9 Conjurations
 * Level 9.9 Hexes
 * Level 9.9 Summonings
 * Level 9.9 Necromancy
 * Level 9.9 Translocations
 * Level 9.9 Fire Magic
 * Level 9.9 Ice Magic
 * Level 9.9 Air Magic
 * Level 9.9 Earth Magic
 * Level 9.9 Alchemy
 + Level 9.5 Evocations


You knew the following spells:

 Your Spells              Type           Power      Damage    Failure   Level
a - Slow                  Hex            100%       N/A       1%          1
b - Momentum Strike       Conj/Tloc      94%        3d10      1%          2
c - Summon Ice Beast      Ice/Summ       47%        N/A       1%          3
d - Animate Dead          Necr           47%        N/A       1%          4
e - Anguish               Hex/Necr       23%        N/A       1%          4
f - Silence               Hex/Air        23%        N/A       6%          5
g - Summon Cactus Giant   Summ           23%        N/A       32%         6
Your spell library was empty.

Dungeon Overview and Level Annotations

Branches:
Dungeon (11/15)            Temple (0/1) D:7            Lair (5/5) D:11
 Shoals (0/4) Lair:3        Snake (0/4) Lair:3        Slime (0/5) Lair:4
    Orc (0/2) D:9           IceCv (visited)

Altars:
Hepliaklqana
Nemelex Xobeh
Okawaru
Ru
Trog
Wu Jian
Xom
Yredelemnul
Zin
The Shining One
Jiyva


Innate Abilities, Weirdness & Mutations

You are immune to sickness and miasma.
You are immune to poison.
Your flesh is very heat resistant. (rF++)
You are vulnerable to cold. (rC-)
You float through the air rather than walking.
You learn spells naturally, not from books.
Your magical power is your life essence.
You have superior vitality. (+4 MHP)
You are partially covered in large bone plates. (SH +4)
You are agile. (Dex +4, Str/Int -1)
Your mind is acute. (Int +4, Str/Dex -1)
You are highly strong-willed. (Will++)
Your natural rate of healing is unusually fast.
You are robust. (+10% HP)
You occasionally shout uncontrollably at your foes.
Your muscles are strong. (Str +4, Int/Dex -1)
You occasionally lose the ability to drink potions when taking damage.


Message History

The bolt of devastation hits you!
Your willpower is stripped away!
* * * LOW HITPOINT WARNING * * *
Your ice beast hits the demonic crawler but does no damage.
You barely miss the cacodemon.
The cacodemon is almost dead.
The apocalypse crab completely misses you.
The apocalypse crab claws you!
You die... "Leave my plaything alone!"
Xom revives you! The apocalypse crab freezes you!!
* * * LOW HITPOINT WARNING * * *
The demonic crawler barely misses you. The demonic crawler closely misses you.
You block the demonic crawler's attack.
* * * LOW HITPOINT WARNING * * *
You hit the cacodemon.
The cacodemon is almost dead.
You block the apocalypse crab's attack. x2
The cacodemon gestures at you. The bolt of devastation misses you.
Your ice beast hits the demonic crawler.
Your ice beast freezes the demonic crawler!
The demonic crawler barely misses you. The demonic crawler misses you.
The demonic crawler hits you.
* * * LOW HITPOINT WARNING * * *
* * * LOW HITPOINT WARNING * * *
You slash the cacodemon!
You kill the cacodemon!
The apocalypse crab breathes chaos at you.
The blast of chaos engulfs you!
The demonic crawler is engulfed in seething chaos.
The demonic crawler suddenly seems more resistant.
You block the demonic crawler's attack. x2
The demonic crawler hits you but does no damage.
Your ice beast is engulfed in seething chaos.
Your ice beast seems to speed up.
Your ice beast hits the demonic crawler but does no damage.
Unknown command.
Unknown command.
Are you sure you want to abandon this character and quit the game? (Confirm with "yes".)

### #
..#.##....# .
####.#... # #.
#.#.......### #.
.......##
#.#....#..
#.##...§..# #
#....#§§..#.###
#..#t@sY..#
#.5§§#§..≈~~#
.....#....~~~≈.#
.#.. #.#≈≈~~~##
... ##≈~~≈~#..
.. #.##...#.. .
#.# .### # #..
.# ..#


You could see a demonic crawler (resistant), an apocalypse crab (fast,
resistant, ally target), a white imp and a friendly ice beast (summoned, fast,
corona).

Vanquished Creatures
  A cacodemon (Abyss:1)
  An ettin (Lair:2)
  2 entropy weavers (D:10)
  The ghost of OldManVictorn the Nimble, a journeyman GnWn of Ashenzari (D:10)
  A catoblepas (Lair:2)
  4 ghost crabs (D:10)
  4 two-headed ogres
  13 death yaks
  4 fire crabs (D:10)
  2 skysharks
  A sea snake (D:10)
  Lodul (D:10)
  A deep elf pyromancer (D:9)
  An ugly thing (IceCv)
  A salamander (Lair:3)
  An apocalypse crab (D:10)
  An ice statue (IceCv)
  6 black mambas
  5 cane toads
  5 rime drakes
  10 komodo dragons
  An ice devil (IceCv)
  A merfolk (D:5)
  3 polar bears
  A troll (D:9)
  2 hornets
  17 blink frogs
  A vampire (D:11)
  A ynoxinul (Abyss:1)
  A shadow (D:10)
  A dire elephant simulacrum (IceCv)
  48 yaks
  3 wyverns
  A warg (D:9)
  A harpy simulacrum (IceCv)
  3 steam dragons
  5 vampire mosquitoes
  2 death yak simulacra (IceCv)
  Edmund (D:4)
  A naga (D:3)
  17 water moccasins
  3 orc warriors (D:9)
  An ice beast (D:6)
  2 black bears
  2 sky beasts
  6 ogres (D:10)
  5 wolves (Lair:4)
  3 centaurs
  A kobold brigand (D:8)
  14 bullfrogs
  3 two-headed ogre simulacra (IceCv)
  4 scorpions
  2 cane toad simulacra (IceCv)
  6 wights
  3 killer bees (D:9)
  An elephant simulacrum (IceCv)
  2 electric eels
  4 howler monkeys
  3 lava snakes (Lair:3)
  3 bombardier beetles
  A quasit (Abyss:1)
  A jelly (D:5)
  An orc priest (D:4)
  2 hounds (D:5)
  2 gnoll boudas
  2 iguanas (D:5)
  Terence (D:3)
  11 hell rats
  2 sleepcaps
  14 orc wizards
  3 polar bear simulacra (IceCv)
  6 troll simulacra (IceCv)
  2 spriggan simulacra (IceCv)
  A wolf simulacrum (IceCv)
  A nameless horror (D:4)
  Robin (D:3)
  4 adders
  19 gnolls
  2 gnoll zombies (D:7)
  8 naga simulacra (IceCv)
  5 white imps
  7 ufetubi (IceCv)
  A dart slug (D:1)
  24 orcs
  2 bats
  7 endoplasms
  2 giant cockroaches
  13 goblins
  5 hobgoblins
  7 quokkas
  9 ball pythons
  2 frilled lizards (D:3)
  9 kobolds
  3 rats
425 creatures vanquished.

Vanquished Creatures (collateral kills)
  A hydra (Lair:4)
  3 yaks (Lair:4)
  Eustachio (D:5)
  A gnoll sergeant (D:5)
  4 wights (D:7)
  2 jellies (Lair:4)
  An adder (D:4)
  A ball python (D:4)
  An endoplasm (Lair:4)
  A goblin (D:4)
  A quokka (D:4)
17 creatures vanquished.

Vanquished Creatures (others)
  3 vampire mosquitoes (D:10)
3 creatures vanquished.

Grand Total: 445 creatures vanquished

Notes
Turn   | Place    | Note
-------+----------+-------------------------------------------
     0 | D:1      | Xavori the Djinni Chaos Knight began the quest for the Orb.
     0 | D:1      | Reached XP level 1. HP: 20/20 MP: 0/0
    54 | D:1      | XOM: divination: magic mapping
    77 | D:1      | XOM: potion effect (brilliance)
   259 | D:1      | XOM is BORED!
   259 | D:1      | XOM: silly message
   287 | D:1      | Reached XP level 2. HP: 25/25 MP: 0/0
   320 | D:1      | XOM: 3-stop teleportation journey
   322 | D:1      | XOM: give mutations
   322 | D:1      | Gained mutation: You have a somewhat thin skeletal
                  | structure. (Dex +2, Stealth+) [Xom's mischief]
   483 | D:1      | a giant cockroach changed into a bombardier beetle
   483 | D:1      | Noticed a bombardier beetle
   494 | D:1      | Killed a bombardier beetle
   495 | D:1      | Reached skill level 1 in Spellcasting
   495 | D:1      | Reached skill level 1 in Conjurations
   495 | D:1      | Reached skill level 1 in Hexes
   495 | D:1      | Reached skill level 1 in Summonings
   495 | D:1      | Reached skill level 1 in Necromancy
   495 | D:1      | Reached skill level 1 in Translocations
   495 | D:1      | Reached skill level 1 in Fire Magic
   495 | D:1      | Reached skill level 1 in Ice Magic
   495 | D:1      | Reached skill level 1 in Air Magic
   495 | D:1      | Reached skill level 1 in Earth Magic
   495 | D:1      | Reached skill level 1 in Alchemy
   495 | D:1      | Reached XP level 3. HP: 25/30 MP: 0/0
   495 | D:1      | Learned a level 1 spell: Slow
   622 | D:1      | Reached XP level 4. HP: 33/35 MP: 0/0
   793 | D:1      | XOM: give mutations
   793 | D:1      | Gained mutation: You passively dampen the noise of your
                  | surroundings. [Xom's grace]
   793 | D:1      | Gained mutation: A frigid envelope surrounds you and
                  | freezes all who hurt you. [Xom's grace]
  1012 | D:1      | XOM: god gift: glowing dagger {god gift}
  1134 | D:1      | XOM: give mutations
  1134 | D:1      | Gained mutation: Your mind is acute. (Int +4, Str/Dex -1)
                  | [Xom's grace]
  1134 | D:1      | Gained mutation: You are agile. (Dex +4, Str/Int -1) [Xom's
                  | grace]
  1139 | D:1      | XOM: scenery: create altars
  2031 | D:1      | XOM: stat loss: -1 Int (16/17)
  2103 | D:1      | XOM: divination: detect items
  2231 | D:1      | XOM: god gift: runed sling {god gift}
  2549 | D:1      | XOM: give mutations
  2549 | D:1      | Gained mutation: You expend health (3 HP) to strengthen
                  | your wands. [Xom's grace]
  2549 | D:1      | Gained mutation: You are strong-willed. (Will+) [Xom's
                  | grace]
  2549 | D:1      | Gained mutation: You are robust. (+10% HP) [Xom's grace]
  2603 | D:1      | XOM: give mutations
  2603 | D:1      | Gained mutation: You occasionally shout uncontrollably at
                  | your foes. [Xom's mischief]
  2603 | D:1      | Lost mutation: You are agile. (Dex +4, Str/Int -1) [Xom's
                  | mischief]
  2603 | D:1      | Lost mutation: You are robust. (+10% HP) [Xom's mischief]
  2717 | D:1      | XOM: give mutations
  2717 | D:1      | Gained mutation: You are partially covered in iridescent
                  | scales. (AC +2) [Xom's grace]
  3102 | D:2      | XOM: summons 3 hostile demons
  3378 | D:2      | XOM: scenery: create altars
  3391 | D:2      | XOM: summons 1 hostile shadow creature
  3392 | D:2      | XOM: god gift: wand of paralysis (5)
  3462 | D:2      | XOM: silly message
  3500 | D:2      | XOM: give mutations
  3500 | D:2      | Gained mutation: You are frail. (-10% HP) [Xom's mischief]
  3500 | D:2      | Gained mutation: You sometimes lose your temper in combat.
                  | [Xom's mischief]
  3500 | D:2      | Lost mutation: You are frail. (-10% HP) [Xom's mischief]
  3516 | D:2      | XOM: cloud trail
  3528 | D:2      | XOM: scenery: create altars
  3590 | D:3      | XOM: stealth player
  3677 | D:3      | Reached XP level 5. HP: 15/40 MP: 0/0
  3677 | D:3      | Learned a level 2 spell: Momentum Strike
  3778 | D:3      | Identified the +2 war axe of Kyris {heavy, Str+4}
  3832 | D:3      | Identified the +0 helmet of the Pear {rF+}
  3832 | D:3      | Noticed Robin
  3841 | D:3      | Killed Robin
  3842 | D:3      | Reached skill level 3 in Dodging
  3921 | D:3      | Reached skill level 1 in Evocations
  3921 | D:3      | Reached XP level 6. HP: 38/47 MP: 0/0
  3971 | D:3      | XOM: 4-stop teleportation journey
  4232 | D:3      | Noticed Sigmund
  4238 | D:3      | Sigmund changed into Sigmund the naga
  4238 | D:3      | Noticed Sigmund
  4238 | D:3      | XOM: polymorph Sigmund -> Sigmund the naga
  4241 | D:3      | Killed Sigmund the naga
  4330 | D:3      | Noticed Terence
  4335 | D:3      | Killed Terence
  4336 | D:3      | Reached XP level 7. HP: 49/51 MP: 0/0
  4336 | D:3      | Learned a level 3 spell: Summon Ice Beast
  4691 | D:4      | XOM: 5-stop teleportation journey
  4856 | D:4      | XOM: 5-stop teleportation journey
  4941 | D:4      | Noticed Edmund
  4950 | D:4      | Killed Edmund
  5093 | D:4      | XOM: enchant monster (good)
  5222 | D:4      | Found a hazy altar of Hepliaklqana.
  5308 | D:4      | XOM: noise
  5373 | D:5      | Entered Level 5 of the Dungeon
  5388 | D:5      | Reached skill level 4 in Dodging
  5397 | D:5      | Reached XP level 8. HP: 42/58 MP: 0/0
  5488 | D:5      | XOM: god gift: scroll labelled WOUPHE RUUNT {god gift}
  5526 | D:5      | Found a shimmering altar of Xom.
  5557 | D:5      | XOM: summons friendly iron imp
  5769 | D:5      | XOM: give mutations
  5769 | D:5      | Gained mutation: Your flesh is almost immune to the effects
                  | of heat. (rF+++) [Xom's grace]
  5769 | D:5      | Gained mutation: Your muscles are strong. (Str +4, Int/Dex
                  | -1) [Xom's grace]
  5769 | D:5      | Gained mutation: Your spells are a little harder to cast,
                  | but a little more powerful. [Xom's grace]
  5774 | D:5      | XOM: give mutations
  5774 | D:5      | Lost mutation: You are strong-willed. (Will+) [Xom's
                  | mischief]
  5774 | D:5      | Lost mutation: Your mind is acute. (Int +4, Str/Dex -1)
                  | [Xom's mischief]
  5774 | D:5      | Lost mutation: A frigid envelope surrounds you and freezes
                  | all who hurt you. [Xom's mischief]
  5871 | D:5      | XOM: noise
  5875 | D:5      | Noticed Eustachio
  5902 | D:5      | Killed Eustachio
  6002 | D:5      | XOM: 3-stop teleportation journey
  6015 | D:5      | Reached skill level 5 in Fighting
  6076 | D:5      | a scorpion changed into a merfolk
  6076 | D:5      | Noticed a merfolk
  6076 | D:5      | XOM: polymorph scorpion -> merfolk
  6093 | D:5      | Killed a merfolk
  6094 | D:5      | Reached skill level 5 in Dodging
  6094 | D:5      | Reached XP level 9. HP: 31/65 MP: 0/0
  6094 | D:5      | Learned a level 4 spell: Animate Dead
  6381 | D:5      | XOM: scenery: summon butterflies
  6666 | D:5      | XOM: smoke on damage
  6847 | D:6      | XOM: give mutation
  6847 | D:6      | Gained mutation: You are agile. (Dex +4, Str/Int -1) [Xom's
                  | grace]
  7094 | D:6      | XOM: give mutation
  7094 | D:6      | Gained mutation: You are very agile. (Dex +8, Str/Int -2)
                  | [Xom's grace]
  7281 | D:6      | XOM: give mutations
  7281 | D:6      | Gained mutation: Your mind is acute. (Int +4, Str/Dex -1)
                  | [Xom's grace]
  7281 | D:6      | Gained mutation: Your mind is very acute. (Int +8, Str/Dex
                  | -2) [Xom's grace]
  7281 | D:6      | Gained mutation: You are strong-willed. (Will+) [Xom's
                  | grace]
  7281 | D:6      | Gained mutation: You are robust. (+10% HP) [Xom's grace]
  7308 | D:6      | XOM: silly message
  7491 | D:6      | XOM: divination: detect creatures
  7647 | D:7      | Reached skill level 5 in Long Blades
  7729 | D:7      | XOM: cast spell 'Summon Cactus Giant'
  7909 | D:7      | Found a transporter.
  7969 | D:7      | XOM: enchant monster (bad)
  8066 | D:7      | Reached skill level 5 in Armour
  8097 | D:7      | Reached XP level 10. HP: 43/79 MP: 0/0
  8144 | D:7      | XOM: give mutations
  8144 | D:7      | Gained mutation: Your natural rate of healing is unusually
                  | fast. [Xom's grace]
  8144 | D:7      | Gained mutation: You have very sharp teeth. [Xom's grace]
  8144 | D:7      | Gained mutation: Your muscles are very strong. (Str +8,
                  | Int/Dex -2) [Xom's grace]
  8177 | D:7      | Found a staircase to the Ecumenical Temple.
  8248 | D:7      | Found an ornate altar of the Wu Jian Council.
  8272 | D:7      | Found a transporter.
  8316 | D:7      | XOM: god gift: +2 pair of gloves of infusion
  8419 | D:7      | XOM: give mutations
  8419 | D:7      | Gained mutation: Your movements are slightly less
                  | encumbered by armour. (ER -2) [Xom's grace]
  8443 | D:7      | XOM: fake destruction
  8445 | D:7      | XOM: enchant monster (good)
  8450 | D:7      | Reached skill level 6 in Dodging
  8458 | D:7      | Reached skill level 5 in Spellcasting
  8458 | D:7      | Reached skill level 5 in Conjurations
  8458 | D:7      | Reached skill level 5 in Hexes
  8458 | D:7      | Reached skill level 5 in Summonings
  8458 | D:7      | Reached skill level 5 in Necromancy
  8458 | D:7      | Reached skill level 5 in Translocations
  8458 | D:7      | Reached skill level 5 in Fire Magic
  8458 | D:7      | Reached skill level 5 in Ice Magic
  8458 | D:7      | Reached skill level 5 in Air Magic
  8458 | D:7      | Reached skill level 5 in Earth Magic
  8458 | D:7      | Reached skill level 5 in Alchemy
  8548 | D:8      | XOM: give mutations
  8548 | D:8      | Gained mutation: Your spells are harder to cast, but more
                  | powerful. [Xom's grace]
  8548 | D:8      | Gained mutation: You are partially covered in large bone
                  | plates. (SH +4) [Xom's grace]
  8548 | D:8      | Gained mutation: You are highly strong-willed. (Will++)
                  | [Xom's grace]
  8548 | D:8      | Gained mutation: Your movements are less encumbered by
                  | armour. (ER -4) [Xom's grace]
  8553 | D:8      | XOM: summons friendly crimson imp
  8611 | D:8      | Reached skill level 5 in Evocations
  8629 | D:8      | XOM: give mutations
  8629 | D:8      | Lost mutation: You sometimes lose your temper in combat.
                  | [Xom's grace]
  8629 | D:8      | Gained mutation: You have a pair of small horns on your
                  | head. [Xom's grace]
  8629 | D:8      | Gained mutation: You have a pair of horns on your head.
                  | [Xom's grace]
  8668 | D:8      | Found a glowing silver altar of Zin.
  8668 | D:8      | Found an iron altar of Okawaru.
  8673 | D:8      | Found a bloodstained altar of Trog.
  8762 | D:8      | XOM: 3-stop teleportation journey
  8895 | D:8      | Found a sparkling altar of Nemelex Xobeh.
  8895 | D:8      | Found a faded altar of an unknown god.
  8902 | D:8      | Found a glowing golden altar of the Shining One.
  8906 | D:8      | Found a faded altar of an unknown god.
  9004 | D:8      | XOM: cast spell 'Summon Small Mammal'
  9012 | D:8      | XOM: enchant monster (bad)
  9115 | D:9      | XOM: confusion (+ monsters)
  9117 | D:9      | XOM: enchant monster (good)
  9125 | D:9      | XOM: noise
  9138 | D:9      | XOM: divination: magic mapping
  9147 | D:9      | Reached skill level 7 in Dodging
  9147 | D:9      | Reached XP level 11. HP: 63/85 MP: 0/0
  9147 | D:9      | Learned a level 4 spell: Anguish
  9150 | D:9      | XOM: cast spell 'Summon Ice Beast'
  9156 | D:9      | XOM: confuse monster(s)
  9284 | D:9      | XOM: silly message
  9322 | D:9      | Found a staircase to the Orcish Mines.
  9341 | D:9      | XOM: fog
  9369 | D:9      | XOM: confuse monster(s)
  9373 | D:9      | XOM: god gift: 23 gold pieces
  9585 | D:9      | XOM: polymorph yak -> hog
  9586 | D:9      | XOM: polymorph hog -> centaur
  9599 | D:9      | XOM: fake destruction
  9632 | D:9      | Found a sacrificial altar of Ru.
  9705 | D:9      | XOM: scenery: summon butterflies
  9768 | D:9      | Noticed a deep elf pyromancer
  9775 | D:9      | XOM: cast spell 'Olgreb's Toxic Radiance'
  9778 | D:9      | Killed a deep elf pyromancer
  9936 | D:10     | Entered Level 10 of the Dungeon
 10001 | D:10     | Noticed a two-headed ogre
 10013 | D:10     | Killed a two-headed ogre
 10027 | D:10     | Noticed a two-headed ogre
 10028 | D:10     | Found a runed translucent door.
 10030 | D:10     | XOM: divination: detect items
 10033 | D:10     | Killed a two-headed ogre
 10049 | D:10     | Noticed OldManVictorn's ghost (journeyman GnWn)
 10100 | D:10     | Found a runed translucent door.
 10105 | D:10     | Noticed a fire crab
 10158 | D:10     | XOM: confuse monster(s)
 10160 | D:10     | XOM: confusion (+ monsters)
 10176 | D:10     | XOM: 2-stop teleportation journey
 10177 | D:10     | Reached skill level 8 in Dodging
 10183 | D:10     | XOM: divine lightning
 10188 | D:10     | Noticed a two-headed ogre
 10194 | D:10     | Killed a two-headed ogre
 10227 | D:10     | Reached XP level 12. HP: 90/94 MP: 0/0
 10232 | D:10     | Noticed Lodul
 10237 | D:10     | XOM: potion effect (might)
 10242 | D:10     | Killed Lodul
 10269 | D:10     | Noticed a ghost crab
 10269 | D:10     | Noticed a ghost crab
 10269 | D:10     | Noticed an entropy weaver
 10269 | D:10     | XOM: 2-stop teleportation journey
 10308 | D:10     | XOM: silly message
 10429 | D:10     | XOM: summons 4 hostile demons
 10619 | D:10     | Found a basalt altar of Yredelemnul.
 10813 | D:10     | Killed OldManVictorn's ghost
 10889 | D:10     | XOM: draining
 10893 | D:10     | a fire crab changed into a sea snake
 10893 | D:10     | Noticed a sea snake
 10893 | D:10     | XOM: polymorph fire crab -> sea snake
 10898 | D:10     | Killed a sea snake
 10899 | D:10     | Reached skill level 1 in Shields
 10908 | D:10     | Noticed an entropy weaver
 10908 | D:10     | Noticed a fire crab
 10913 | D:10     | Killed a fire crab
 10917 | D:10     | XOM: blink monster(s)
 10921 | D:10     | Killed an entropy weaver
 10950 | D:10     | Noticed a fire crab
 10958 | D:10     | Killed a fire crab
 10968 | D:10     | Noticed a fire crab
 10975 | D:10     | Killed a fire crab
 10991 | D:10     | Noticed a fire crab
 11006 | D:10     | Killed a fire crab
 11006 | D:10     | XOM: fog
 11012 | D:10     | Killed an entropy weaver
 11062 | D:10     | XOM: summons friendly quasit
 11063 | D:10     | Killed a ghost crab
 11066 | D:10     | XOM: confuse monster(s)
 11068 | D:10     | XOM: summons 2 friendly demons
 11072 | D:10     | Killed a ghost crab
 11073 | D:10     | Reached skill level 9 in Dodging
 11090 | D:10     | Noticed a ghost crab
 11098 | D:10     | Killed a ghost crab
 11126 | D:10     | Noticed a ghost crab
 11134 | D:10     | XOM: divination: magic mapping
 11137 | D:10     | Killed a ghost crab
 11138 | D:10     | Reached XP level 13. HP: 72/102 MP: 0/0
 11138 | D:10     | Learned a level 5 spell: Silence
 11161 | D:10     | XOM: enchant monster (bad)
 11340 | D:10     | XOM: noise
 11392 | D:11     | XOM: god gift: scroll of teleportation
 11413 | D:11     | XOM: god gift: 33 gold pieces
 11461 | D:11     | Found a staircase to the Lair.
 11467 | D:11     | XOM: potion effect (might)
 11551 | D:11     | XOM: scenery: summon butterflies
 11896 | Lair:1   | Entered Level 1 of the Lair of Beasts
 11911 | Lair:1   | XOM: summons friendly shadow imp
 11914 | Lair:1   | XOM: noise
 11962 | Lair:1   | Found the +5 robe of Misfortune {Harm *Corrode *Slow EV+5}
 11974 | Lair:1   | Identified the +5 dagger of Wrongful Imprisonment {freeze,
                  | rElec rF+ Will-}
 11980 | Lair:1   | Found a frozen archway.
 11994 | IceCv    | Entered an ice cave
 12176 | IceCv    | XOM: scenery: summon butterflies
 12214 | IceCv    | XOM: scenery: create altars
 12382 | IceCv    | XOM: 9-stop teleportation journey
 12445 | IceCv    | Noticed a reaper
 12452 | IceCv    | a reaper changed into something unseen
 12452 | IceCv    | XOM: polymorph reaper -> something unseen
 12456 | IceCv    | XOM: butterfly on damage
 12506 | IceCv    | XOM: confuse monster(s)
 12512 | IceCv    | XOM: butterfly on damage
 12514 | IceCv    | XOM: potion effect (invisibility)
 12684 | IceCv    | XOM: stat loss: -1 Str (14/15)
 12733 | IceCv    | Identified 2 scrolls of acquirement
 12733 | IceCv    | Acquired 404 gold pieces
 12734 | IceCv    | Acquired a manual of Dodging
 12917 | IceCv    | XOM: torment (53/103 hp)
 13074 | IceCv    | XOM: give mutations
 13074 | IceCv    | Lost mutation: You have a pair of horns on your head.
                  | [Xom's mischief]
 13074 | IceCv    | Lost mutation: You passively dampen the noise of your
                  | surroundings. [Xom's mischief]
 13074 | IceCv    | Lost mutation: You have a pair of small horns on your head.
                  | [Xom's mischief]
 13112 | IceCv    | Identified the ring "Magut" {Fly rPois rCorr Int+6}
 13294 | Lair:1   | XOM: chaos cloud
 13477 | Lair:1   | XOM: torment (53/103 hp)
 13478 | Lair:1   | XOM: give mutation
 13478 | Lair:1   | Lost mutation: Your movements are less encumbered by
                  | armour. (ER -4) [Xom's mischief]
 13485 | Lair:1   | XOM: noise
 13653 | Lair:1   | XOM: torment (53/103 hp)
 13659 | Lair:1   | Reached skill level 10 in Dodging
 13709 | Lair:1   | XOM: give mutation
 13709 | Lair:1   | Lost mutation: Your flesh is almost immune to the effects
                  | of heat. (rF+++) [Xom's mischief]
 13721 | Lair:1   | XOM: polymorph death yak -> death yak
 13781 | Lair:1   | XOM: enchant monster (bad)
 13790 | Lair:1   | XOM: 1-stop teleportation journey
 13881 | Lair:1   | XOM: silly message
 13891 | Lair:1   | XOM: 2-stop teleportation journey
 13918 | Lair:1   | Reached XP level 14. HP: 101/111 MP: 0/0
 14218 | Lair:2   | XOM: chaos cloud
 14269 | Lair:1   | XOM: give mutations
 14269 | Lair:1   | Lost mutation: You are partially covered in iridescent
                  | scales. (AC +2) [Xom's mischief]
 14269 | Lair:1   | Lost mutation: Your spells are harder to cast, but more
                  | powerful. [Xom's mischief]
 14426 | Lair:2   | XOM: cast spell 'Animate Armour'
 14443 | Lair:2   | Reached skill level 5 in Shields
 14452 | Lair:2   | XOM: scenery: summon butterflies
 14681 | Lair:2   | XOM: blink monster(s)
 14688 | Lair:2   | XOM: give mutations
 14688 | Lair:2   | Lost mutation: You have very sharp teeth. [Xom's mischief]
 14688 | Lair:2   | Lost mutation: Your muscles are very strong. (Str +8,
                  | Int/Dex -2) [Xom's mischief]
 14688 | Lair:2   | Lost mutation: You have a somewhat thin skeletal structure.
                  | (Dex +2, Stealth+) [Xom's mischief]
 14688 | Lair:2   | Lost mutation: You are very agile. (Dex +8, Str/Int -2)
                  | [Xom's mischief]
 15178 | Lair:3   | XOM: polymorph death yak -> ettin
 15182 | Lair:3   | XOM: summons friendly shadow imp
 15183 | Lair:3   | Found a staircase to the Shoals.
 15183 | Lair:3   | XOM: 6-stop teleportation journey
 15266 | Lair:3   | XOM: stat loss: -1 Str (11/12)
 15294 | Lair:3   | XOM: noise
 15297 | Lair:3   | XOM: torment (48/112 hp)
 15352 | Lair:3   | XOM: noise
 15416 | Lair:3   | Reached skill level 11 in Dodging
 15424 | Lair:3   | XOM: chaos cloud
 15427 | Lair:3   | XOM: 1-stop teleportation journey
 15429 | Lair:3   | XOM: swap monsters
 15544 | Lair:2   | XOM: confusion
 15559 | Lair:2   | XOM: swap monsters
 15629 | Lair:3   | XOM: scenery: summon butterflies
 15673 | Lair:3   | Found a staircase to the Snake Pit.
 15735 | Lair:3   | XOM: cleaving
 15737 | Lair:3   | XOM: scenery: create altars
 15806 | Lair:3   | XOM: potion effect (brilliance)
 15825 | Lair:3   | Reached skill level 10 in Fighting
 16401 | Lair:4   | XOM: destruction
 16411 | Lair:4   | XOM: summons friendly iron imp
 16444 | Lair:4   | XOM is BORED!
 16444 | Lair:4   | XOM: give mutations
 16444 | Lair:4   | Lost mutation: Your spells are a little harder to cast, but
                  | a little more powerful. [Xom's mischief]
 16444 | Lair:4   | Lost mutation: Your movements are slightly less encumbered
                  | by armour. (ER -2) [Xom's mischief]
 16456 | Lair:4   | XOM: enchant monster (good)
 16515 | Lair:4   | XOM: cast spell 'Monstrous Menagerie'
 16626 | Lair:4   | Found a staircase to the Slime Pits.
 16628 | Lair:4   | Found a viscous altar of Jiyva.
 16662 | Lair:4   | XOM: 2-stop teleportation journey
 17246 | Lair:5   | Entered Level 5 of the Lair of Beasts
 17258 | Lair:4   | XOM: smoke on damage
 17296 | Lair:5   | XOM: noise
 17414 | Lair:4   | Reached XP level 15. HP: 93/117 MP: 0/0
 17414 | Lair:4   | Learned a level 6 spell: Summon Cactus Giant
 17449 | Abyss:1  | Cast into level 1 of the Abyss (Xom)
 17537 | Abyss:1  | XOM: give mutations
 17537 | Abyss:1  | Lost mutation: You expend health (3 HP) to strengthen your
                  | wands. [Xom's mischief]
 17537 | Abyss:1  | Lost mutation: Your mind is very acute. (Int +8, Str/Dex
                  | -2) [Xom's mischief]
 17575 | Abyss:1  | Noticed a cacodemon
 17601 | Abyss:1  | XOM: fake destruction
 17602 | Abyss:1  | Gained mutation: You occasionally lose the ability to drink
                  | potions when taking damage. [a cacodemon]
 17611 | Abyss:1  | HP: 3/175 [cacodemon/bolt of devastation (10)]
 17612 | Abyss:1  | Xom revived you
 17614 | Abyss:1  | Killed a cacodemon
 17615 | Abyss:1  | Quit the game

Illustrated notes

Levels and vault maps discovered:
D:1:      dpeg_arrival_leaves_temple_mockup, layout_basic
D:2:      layout_basic, serial_glass, glass_columns_a, glass_columns_a,
          guppyfry_early_lair_pool
D:3:      layout_loops_ring, grunt_ministairs_14, uniq_terence, uniq_sigmund,
          uniq_robin
D:4:      layout_cave_pools, worldfamousw_hep_ancestral_shrine, uniq_edmund
D:5:      layout_cave_pods, lemuel_doored_altar, uniq_eustachio
D:6:      layout_loops_corners
D:7:      gammafunk_cloud_chamber, layout_loops_ring, nzn_wu_jian_council_hall,
          temple_fountains
D:8:      layout_cave_pools, chequers_temple_overflow_minitemple,
          grunt_temple_overflow_open
D:9:      layout_small_grid, kennysheep_mini_moat, david_orc_3, serial_bayou,
          serial_bayou_pond_e, serial_bayou_pond_a, serial_bayou_lake_a,
          serial_bayou_crossing, billiards_dpeg
D:10:     gammafunk_mikee_crab_dinner, layout_loops_ring, amcnicky_altar_gilded,
          gammafunk_ghost_grave, uniq_lodul
D:11:     layout_gridville, dpeg_lair_monsters, nicolae_sif_muna_condensation
Lair:1:   layout_cave_pods, portal_ice_cave_rime, nicolae_lair_grazing_beasts
          [nicolae_sub_lair_graze_edge, nicolae_sub_lair_graze_edge,
          nicolae_sub_lair_graze_edge, nicolae_sub_lair_graze_edge],
          grunt_megastairs_2
Lair:2:   layout_misc_corridors, grunt_megastairs_1, infiniplex_staircase_pool_2
Lair:3:   layout_cave_pods, minmay_shoals_entry_hut,
          nicolae_snake_entry_warm_welcome
Lair:4:   layout_cave_pods, nicolae_slime_entry_slimehenge,
          chequers_serial_rivers_room_a, lemuel_fruit_tree
Lair:5:   hangedman_lair_in_review, layout_hall_layers, grunt_megastairs_5
Abyss:1:  base:
D:10

Skill      XL: |  1  2  3  4  5  6  7  8  9 10 11 12 13 14 |
---------------+-------------------------------------------+-----
Spellcasting   | 1 2 3 4 5 6 7 8 9 |  9.9
Conjurations   | 1 2 3 4 5 6 7 8 9 |  9.9
Hexes          | 1 2 3 4 5 6 7 8 9 |  9.9
Summonings     | 1 2 3 4 5 6 7 8 9 |  9.9
Necromancy     | 1 2 3 4 5 6 7 8 9 |  9.9
Translocations | 1 2 3 4 5 6 7 8 9 |  9.9
Fire Magic     | 1 2 3 4 5 6 7 8 9 |  9.9
Ice Magic      | 1 2 3 4 5 6 7 8 9 |  9.9
Air Magic      | 1 2 3 4 5 6 7 8 9 |  9.9
Earth Magic    | 1 2 3 4 5 6 7 8 9 |  9.9
Alchemy        | 1 2 3 4 5 6 7 8 9 |  9.9
Long Blades    | 3 4 5 6 7 8 9 |  9.3
Armour         | 2 3 4 5 6 7 8 9 |  9.8
Dodging        | 3 4 5 7 8 9 10 11 | 11.8
Evocations     | 1 2 3 4 5 6 7 8 9 |  9.5
Fighting       | 4 5 6 7 8 9 10 | 10.2
Shields        | 2 4 6 |  6.1

Action                     |  1- 3 |  4- 6 |  7- 9 | 10-12 | 13-15 || total
---------------------------+-------+-------+-------+-------+-------++-------
  Melee: Falchion          |    65 |    67 |   215 |       |       ||   347
         Punch             |       |     1 |     3 |     2 |       ||     6
         Long sword        |       |       |    35 |   374 |   855 ||  1264
         Headbutt          |       |       |       |   100 |    62 ||   162
         Bite              |       |       |       |    47 |    75 ||   122
   Cast: Summon Ice Beast  |       |       |     2 |       |     8 ||    10
         Animate Dead      |       |       |       |       |     1 ||     1
  Evoke: Wand              |       |       |       |     1 |     1 ||     2
         Tin of tremorston |       |       |       |     1 |       ||     1
    Use: Scroll            |       |       |    11 |     2 |    10 ||    23
         Potion            |       |       |       |       |     3 ||     3
   Stab: Confused          |     1 |       |     2 |     7 |     2 ||    12
         Sleeping          |       |     4 |     6 |     5 |     5 ||    20
         Distracted        |       |       |     1 |     1 |     5 ||     7
         Petrified         |       |       |     1 |       |     5 ||     6
         Paralysed         |       |       |       |     5 |     5 ||    10
         Invisible         |       |       |       |       |     3 ||     3
 Armour: Leather armour    |    34 |    51 |   185 |   261 |   515 ||  1046
  Dodge: Dodged            |    46 |    54 |   196 |   270 |   668 ||  1234
  Block: Other             |       |       |       |    30 |       ||    30
         Buckler           |       |       |       |    56 |   598 ||   654

Table legend: (Time is in decaauts)
 A = Elapsed time spent in this place.
 B = Non-inter-level travel time spent in this place.
 C = Inter-level travel time spent in this place.
 D = Time resting spent in this place.
 E = Time spent auto-exploring this place.
 F = Levels seen in this place.
 G = Mean time per level.
                   A        B        C        D        E       F      G
               +--------+--------+--------+--------+--------+-----+--------+
         Total |  17762 |  16969 |    793 |   3307 |  10028 |  18 |  986.8 |
       Dungeon |  12050 |  11452 |    598 |   2724 |   6802 |  11 | 1095.5 |
          Lair |   4414 |   4220 |    194 |    231 |   2825 |   5 |  882.8 |
         Abyss |    159 |    159 |      0 |     33 |     60 |   1 |  159.0 |
      Ice Cave |   1137 |   1137 |      0 |    319 |    341 |   1 | 1137.0 |
               +--------+--------+--------+--------+--------+-----+--------+

Top non-repeatable levels by time:
     D:1: 2777 daAuts
    D:10: 1440 daAuts
     D:5: 1374 daAuts
  Lair:1: 1288 daAuts
     D:3: 1216 daAuts
  Lair:3: 1153 daAuts
   IceCv: 1137 daAuts
  Lair:4: 1067 daAuts
     D:7: 968 daAuts
     D:9: 893 daAuts
  Lair:2: 862 daAuts
     D:2: 826 daAuts
     D:6: 804 daAuts
     D:4: 711 daAuts
     D:8: 519 daAuts
